 Dungeon Crawl Stone Soup version 0.25-a0-265-g7af84ae0ac (webtiles) character file.

Game seed: 2929900527472252864, levelgen mode: deterministic

128 MoonlitKnight the Changer (level 4, -18/35 HPs)
             Began as a Draconian Transmuter on Dec 8, 2019.
             Demolished by an orc wizard
             ... wielding a +2 dagger of electrocution
              (20 damage)
             ... on level 4 of the Dungeon.
             The game lasted 00:05:48 (2989 turns).

MoonlitKnight the Changer (Draconian Transmuter)    Turns: 2989, Time: 00:05:50

Health: -18/35     AC:  2    Str: 12    XL:     4   Next: 87%
Magic:  4/7        EV: 19    Int: 15    God:
Gold:   148        SH:  0    Dex: 16    Spells: 3/7 levels left

rFire    + . .     SeeInvis .     - Unarmed
rCold    x . .     Gourm    .   (shield currently unavailable)
rNeg     + . .     Faith    .   (armour unavailable)
rPois    x         Spirit   .   (helmet currently unavailable)
rElec    .         Reflect  .   (cloak currently unavailable)
rCorr    .         Harm     .   (gloves currently unavailable)
MR       .....                  (boots currently unavailable)
Stlth    +.........             (no amulet)
HPRegen  0.11/turn              h - ring of fire
MPRegen  0.10/turn              m - ring of positive energy

@: spider-form
A: tiny, unfitting armour, AC +5
a: End Transformation


You were on level 4 of the Dungeon.
You were not hungry.
You were a venomous arachnid creature.
You visited 1 branch of the dungeon, and saw 4 of its levels.

You collected 148 gold pieces.

Inventory:

Missiles
 a - 28 arrows
 b - 77 sling bullets
Jewellery
 h - a ring of fire (left front leg)
 m - a ring of positive energy (right front leg)
Wands
 q - a wand of paralysis (8)
Scrolls
 d - 2 scrolls of noise {unknown}
 f - 5 scrolls of teleportation {unknown}
 g - 6 scrolls of remove curse {unknown}
 n - 2 scrolls of fear {unknown}
 p - 4 scrolls of identify {unknown}
 r - a scroll of random uselessness {unknown}
Potions
 e - a potion of invisibility {unknown}
 i - 2 potions of ambrosia {unknown}
 j - a potion of lignification {unknown}
 k - a potion of curing
 l - 2 potions of heal wounds {unknown}
 o - a potion of flight {unknown}
Comestibles
 c - 4 rations


   Skills:
 - Level 1.1 Fighting
 - Level 1.7 Dodging
 - Level 3.0 Unarmed Combat
 - Level 2.0 Spellcasting
 + Level 3.6 Transmutations
 + Level 3.4 Poison Magic


You had 3 spell levels left.
You knew the following spells:

 Your Spells              Type           Power        Failure   Level  Hunger
a - Beastly Appendage     Tmut           ##....       14%         1    #......
b - Spider Form           Tmut/Pois      ##........   34%         3    ###....

Your spell library contained the following spells:

 Spells                   Type           Power        Failure   Level  Hunger
 Sticks to Snakes         Tmut           ##......     21%         2    ###....
 Ice Form                 Ice/Tmut       #.......     87%         4    #####..
 Blade Hands              Tmut           ##........   92%         5    ######.


Dungeon Overview and Level Annotations

Branches:
Dungeon (4/15)
 Temple: D:4-7

Altars:
Zin


Innate Abilities, Weirdness & Mutations

((Your plain brown scales are hard. (AC +5)))
You cannot fit into any form of body armour.
((You are cold-blooded and may be slowed by cold attacks.))


Message History

You turn into a venomous arachnid creature.
The orc misses you.
You hit the orc.
You kill the orc!
The giant cockroach bites you.
* * * LOW HITPOINT WARNING * * *
The giant cockroach misses you. The orc hits you.
* * * LOW HITPOINT WARNING * * *
Something hits you.
* * * LOW HITPOINT WARNING * * *
A phantom comes into view.
The giant cockroach barely misses you.
You see here a +0 club.
You bite the orc!
You kill the orc!
Something hits you.
* * * LOW HITPOINT WARNING * * *
You are electrocuted!!
Ouch! That really hurt!
You die...

## ####..# ..##.#
W..#.# #..#.#
##.##.# .P
#..####..#..###...P
#......†.........P#
#.###.#ss..####..P##
#l#.#..<........
..#.............
..####........###
##. ####.#.#.# #.
#.#.# # .. ..#.# ..#
# ###


You could see a phantom and a giant cockroach.

Vanquished Creatures
  An iguana (D:3)
  Terence (D:3)
  2 adders (D:2)
  2 worms
  2 dart slugs
  A leopard gecko (D:3)
  4 orcs
  2 giant cockroaches (D:1)
  A hobgoblin (D:2)
  3 jackals (D:1)
  7 kobolds
  2 quokkas (D:2)
  9 bats
  3 frilled lizards
  4 goblins
  9 rats
53 creatures vanquished.

Notes
Turn   | Place    | Note
-------+----------+-------------------------------------------
     0 | D:1      | MoonlitKnight the Draconian Transmuter began the quest for
                  | the Orb.
     0 | D:1      | Reached XP level 1. HP: 16/16 MP: 3/3
   344 | D:1      | Reached XP level 2. HP: 17/23 MP: 5/5
   822 | D:2      | Reached XP level 3. HP: 25/28 MP: 4/6
   830 | D:2      | Learned a level 3 spell: Spider Form
   919 | D:2      | Found a glowing silver altar of Zin.
   964 | D:2      | Reached skill level 1 in Poison Magic
  1938 | D:3      | Reached XP level 4. HP: 2/35 MP: 7/7
  2473 | D:3      | Noticed Terence
  2525 | D:3      | Killed Terence
  2988 | D:4      | Noticed a phantom
  2989 | D:4      | Demolished by an orc wizard

Levels and vault maps discovered:
D:1:      dpeg_arrival_tiny_i, layout_basic
D:2:      layout_loops_ring, lemuel_doored_altar
D:3:      layout_rooms, first_ration, uniq_terence
D:4:      corexii_shack_village, layout_basic, temple_hall,
          minmay_close_crescents

Skill      XL: |  1  2  3  4 |
---------------+-------------+-----
Transmutations | 3 |  3.6
Poison Magic   | 2 3 |  3.4
Fighting       | |  1.1
Dodging        | |  1.7
Unarmed Combat | |  3.0
Spellcasting   | |  2.0

Action                   |  1- 3 |  4- 6 || total
-------------------------+-------+-------++-------
Melee: Unarmed           |   148 |    73 ||   221
       Tailslap          |    16 |     9 ||    25
       Kick              |     8 |     4 ||    12
       Headbutt          |     5 |     1 ||     6
       Punch             |     1 |       ||     1
 Cast: Beastly Appendage |     9 |     4 ||    13
       Spider Form       |       |     1 ||     1
  Use: Potion            |       |     1 ||     1
 Stab: Sleeping          |     3 |       ||     3
  Eat: Chunk             |     3 |     2 ||     5
       Ration            |       |     1 ||     1
Armor: Skin              |    51 |    20 ||    71
Dodge: Dodged            |   107 |    46 ||   153

Table legend:
 A = Non-vault XP
 B = Vault XP
 C = Vault XP percentage of total XP
 D = Non-vault monster count
 E = Vault monster count
 F = Vault count percentage of total count
                 A         B        C        D         E       F
            +---------+---------+-------+---------+---------+-------
      Total |     152 |      32 |  17.4 |      52 |       1 |   1.9
            +---------+---------+-------+---------+---------+-------
        D:1 |      29 |       0 |   0.0 |      19 |       0 |   0.0
        D:2 |      50 |       0 |   0.0 |      15 |       0 |   0.0
        D:3 |      67 |      32 |  32.3 |      16 |       1 |   5.9
        D:4 |       6 |       0 |   0.0 |       2 |       0 |   0.0
            +---------+---------+-------+---------+---------+-------
